 Dungeon Crawl Stone Soup version 0.18-a0-884-gb6cfd45 (webtiles) character file.

112 Jmtri7 the Grave Robber (level 4, 0/24 HPs)
             Began as a Deep Elf Necromancer on Dec 23, 2015.
             Slain by Natasha (8 damage)
             ... on level 2 of the Dungeon.
             The game lasted 00:11:42 (1916 turns).

Jmtri7 the Grave Robber (Deep Elf Necromancer)      Turns: 1916, Time: 00:11:42

Health: 0/24       AC:  2    Str:  5    XL:     4   Next: 63%
Magic:  10/12      EV: 13    Int: 21    God:
Gold:   63         SH:  0    Dex: 15    Spells: 1 memorised, 11 levels left

rFire  . . .     SeeInvis .     (no weapon)
rCold  + . .     Gourm    .     a - +0 robe
rNeg   + . .     Faith    .     (no shield)
rPois  .         Spirit   .     (no helmet)
rElec  .         Dismiss  .     (no cloak)
rCorr  .         Reflect  .     (no gloves)
SustAt .         Harm     .     (no boots)
MR     .....                    (no amulet)
Stlth  +++.......               m - ring of protection from cold
                                c - ring of positive energy

@: not resistant to hostile enchantments, fairly stealthy
A: no striking features
a: no special abilities


You were on level 2 of the Dungeon.
You were not hungry.

You visited 1 branch of the dungeon, and saw 2 of its levels.

You collected 63 gold pieces.

Inventory:

Armour
 a - a +0 robe (worn)
Jewellery
 c - a ring of positive energy (left hand)
 m - a ring of protection from cold (right hand)
Scrolls
 d - 3 scrolls of identify {unknown}
 f - a scroll of magic mapping {unknown}
 k - a scroll of enchant armour {unknown}
Potions
 e - a potion of lignification
 g - a potion of haste {unknown}
 h - a potion of brilliance {unknown}
 i - a potion of resistance {unknown}
 n - a potion of might {unknown}
Books
 b - a book of Necromancy

   Spells                             Type                      Level
   a - Pain                           Necromancy                   1
   b - Animate Skeleton               Necromancy                   1
   c - Vampiric Draining              Necromancy                   3
   d - Regeneration                   Charms/Necromancy            3
   e - Animate Dead                   Necromancy                   4
   f - Control Undead                 Necromancy                   4
Comestibles
 j - a meat ration
 l - a beef jerky


   Skills:
 - Level 2.4 Dodging
 + Level 4.1 Stealth
 + Level 4.5 Spellcasting
 + Level 5.8 Necromancy


You had 11 spell levels left.
You knew the following spells:

 Your Spells              Type           Power        Failure   Level  Hunger
a - Pain                  Necr           ####         1%          1    None


Dungeon Overview and Level Annotations

Branches:
Dungeon (2/15)

Altars:
The Shining One

Annotations:
D:2 Natasha


Message History

The adder convulses in agony!
You kill the adder!
Natasha, Servant of Life and Death comes into view.
Natasha moves out of view.
Natasha hisses angrily.
Natasha casts a spell at you. The magic dart hits you!
Casting: Pain
Confirm with . or Enter, or press ? or * to list all spells.
Aiming: Pain
Press: ? - help, Shift-Dir - straight line, f - Natasha
Aim: Natasha (chance to defeat MR: 84%) Natasha barely resists.
Natasha claws you.
Casting: Pain
Confirm with . or Enter, or press ? or * to list all spells.
Aiming: Pain
Press: ? - help, Shift-Dir - straight line, f/p - Natasha
Aim: Natasha (chance to defeat MR: 84%) Natasha barely resists.
Natasha claws you!
You die...

# #.# ##..# #.# #.####.#### #
#.#.##.## #.# #.......... #
#.#.##.# #.# ######.####
####.#.##.# #.# #.....#
.......##.#########.####.###.#
....................#.(......####
####.####........................
####.# #######........#.########
...#.# ..###@#######.# # .....#
#.# #h# #.# # ##.### #.# #.# #.#
###### #.# #.##.#.######.# #.....
##.# #.#.# #.......# #.#### ...#
#..## ##.###### #.#### #..#
#...###.## #....# #..## #..#.#..#
#.##.# ..... #.......# ####'#


You could see Natasha.

Vanquished Creatures
  Natasha (D:2)
  3 adders (D:2)
  A gnoll (D:1)
  2 oozes
  5 bats
  A giant cockroach (D:1)
  6 goblins
  3 hobgoblins
  6 jackals
  A giant gecko (D:1)
  6 giant newts
  A kobold (D:1)
  7 rats
43 creatures vanquished.

Notes
Turn   | Place    | Note
--------------------------------------------------------------
     0 | D:1      | Jmtri7 the Deep Elf Necromancer began the quest for the Orb.
     0 | D:1      | Reached XP level 1. HP: 10/10 MP: 6/6
   141 | D:1      | Reached skill level 5 in Necromancy
   319 | D:1      | Reached XP level 2. HP: 12/15 MP: 4/8
   556 | D:1      | Reached XP level 3. HP: 8/19 MP: 7/10
  1119 | D:2      | Noticed Natasha
  1126 | D:2      | Killed Natasha
  1296 | D:2      | Reached XP level 4. HP: 22/24 MP: 10/12
  1411 | D:2      | Found a glowing golden altar of the Shining One.
  1886 | D:2      | Noticed Natasha
  1916 | D:2      | Slain by Natasha

Vault maps used:
D:1:      lordsloth_arrival_two_stooges
D:2:      tso_altar, minmay_misc_feat_more_columns, uniq_crazy_yiuf_cottage,
          uniq_natasha

Action                   |  1- 3 |  4- 6 || total
-------------------------+-------+-------++-------
Throw: Tomahawk          |       |     2 ||     2
 Cast: Pain              |    53 |    33 ||    86
  Use: Potion            |     2 |       ||     2
  Eat: Bread ration      |     1 |       ||     1
